 Dungeon Crawl Stone Soup version 0.22.0-6-g71bd7aa (webtiles) character file.

11223 Amnesiac the Zephyrmancer (level 11, -4/82 HPs)
             Began as a Mummy Air Elementalist on Aug 15, 2018.
             Was a High Priest of Dithmenos.
             Slain by Snorg (14 damage)
             ... on level 10 of the Dungeon.
             The game lasted 00:20:52 (10695 turns).

Amnesiac the Zephyrmancer (Mummy Air Elementalist) Turns: 10695, Time: 00:20:53

Health: -4/82      AC:  7    Str: 13    XL:     11   Next: 46%
Magic:  4/23       EV: 15    Int: 17    God:    Dithmenos [*****.]
Gold:   656        SH:  9    Dex: 12    Spells: 15/27 levels left

rFire    x . .     SeeInvis .   a - +2 short sword (elec)
rCold    + . .     Gourm    .   i - +0 buckler
rNeg     + + +     Faith    .   k - +2 leather armour {MR+}
rPois    ∞         Spirit   .   (no helmet)
rElec    .         Reflect  +   x - +0 cloak {rPois}
rCorr    .         Harm     .   (no gloves)
MR       +....                  g - +0 pair of boots
Stlth    ++........             j - +4 amulet of reflection
HPRegen  0.23/turn              f - ring of wizardry
MPRegen  0.18/turn              (no ring)

@: vulnerable, very slightly contaminated, wreathed by umbra
A: no food or potions, fire vulnerability, cold resistance 1, negative energy
resistance 3, torment resistance, unbreathing
a: Shadow Step, Shadow Form, Renounce Religion


You were on level 10 of the Dungeon.
You worshipped Dithmenos.
Dithmenos was extremely pleased with you.
You were not hungry.

You visited 1 branch of the dungeon, and saw 10 of its levels.

You collected 656 gold pieces.

Inventory:

Hand Weapons
 a - a +2 short sword of electrocution (weapon)
 b - a -1 blowgun
Missiles
 c - 5 javelins (quivered)
 n - 6 curare-tipped needles
 u - 38 poisoned needles
Armour
 g - a +0 pair of boots (worn)
 i - a +0 buckler (worn)
 k - a +2 leather armour of magic resistance (worn)
 x - a +0 cloak of poison resistance (worn)
Jewellery
 f - a ring of wizardry (left hand)
 j - a +4 amulet of reflection (around neck)
Wands
 r - a wand of paralysis (29)
 s - a wand of disintegration (13)
 v - a wand of enslavement (6)
 w - a wand of iceblast (11)
Scrolls
 d - 5 scrolls of remove curse {!r}
 e - 2 scrolls of amnesia {!r}
 h - 6 scrolls of identify {!r}
 l - 3 scrolls of fear {!r}
 m - a scroll of magic mapping {!r}
 o - a scroll of enchant armour {!r}
 p - 3 scrolls of immolation {!r}
 q - 2 scrolls of fog {!r}
 t - 6 scrolls of teleportation {!r}


   Skills:
 + Level 6.3 Fighting
 * Level 8.0 Dodging
 - Level 1.5 Stealth
 - Level 4.1 Shields
 - Level 8.5 Spellcasting
 + Level 5.4 Conjurations
 - Level 8.5 Air Magic


You had 15 spell levels left.
You knew the following spells:

 Your Spells              Type           Power        Failure   Level  Hunger
a - Airstrike             Air            #####.....   1%          4    N/A
d - Lightning Bolt        Conj/Air       ####......   9%          5    N/A
e - Shock                 Conj/Air       ####         1%          1    N/A
z - Swiftness             Chrm/Air       ###.....     1%          2    N/A

Your spell library contained the following spells:

 Spells                   Type           Power        Failure   Level  Hunger
 Static Discharge         Conj/Air       ####....     1%          3    N/A

Dungeon Overview and Level Annotations

Branches:
Dungeon (10/15)            Temple (0/1) D:6            Lair (0/6) D:9
    Orc: D:9-12

Altars:
Dithmenos
Elyvilon
Fedhas
Gozag
Hepliaklqana
Makhleb
Nemelex Xobeh
Okawaru
Sif Muna
Trog
Wu Jian
Xom
Yredelemnul
Zin
Beogh

Shops:
D:7 (

Annotations:
D:10 Snorg


Innate Abilities, Weirdness & Mutations

You do not eat or drink.
Your flesh is vulnerable to fire.
You are immune to poison.
Your flesh is cold resistant. (rC+)
You are immune to negative energy. (rN+++)
You are immune to unholy pain and torment.
You can survive without breathing.


Message History

Aiming: Lightning Bolt (slightly dangerous; 9% risk of failure)
Press: ? - help, Shift-Dir - straight line, f/p - Snorg
Aim: Snorg (lightly wounded, berserk, fast, unusually strong, umbra)
You hear a mighty clap of thunder!
The bolt of lightning misses Snorg.
The bolt of lightning hits Snorg.
Snorg is moderately wounded.
Snorg barely misses you. You block Snorg's attack. Snorg barely misses you. x2
Snorg claws you but does no damage. Snorg closely misses you.
Unknown command.
Casting: Lightning Bolt (slightly dangerous; 9% risk of failure)
Confirm with . or Enter, or press ? or * to list all spells.
Aiming: Lightning Bolt (slightly dangerous; 9% risk of failure)
Press: ? - help, Shift-Dir - straight line, f/p - Snorg
Aim: Snorg (moderately wounded, berserk, fast, unusually strong, umbra)
You hear a mighty clap of thunder!
The bolt of lightning hits Snorg.
Snorg is moderately wounded.
The bolt of lightning misses Snorg.
Your shadow mimicks your spell!
The shadow bolt hits Snorg.
Snorg barely misses you. You block Snorg's attack. x2
Unknown command.
Casting: Lightning Bolt (slightly dangerous; 9% risk of failure)
Confirm with . or Enter, or press ? or * to list all spells.
You don't have enough magic to cast that spell.
Okay, then.
Evoke which item? (* to show all) (? for menu, Esc to quit)
Aiming: Enslavement
Press: ? - help, Shift-Dir - straight line, f/p - Snorg
Aim: Snorg (heavily wounded, berserk, fast, unusually strong, umbra, chance to defeat MR: 15%)
Okay, then.
Really read
y - a scroll of vulnerability {!r}?
As you read the scroll of vulnerability {!r}, it crumbles to dust.
Magic quickly surges around you. Snorg bites you. Snorg claws you!
Snorg closely misses you. Snorg bites you! Snorg claws you!
* * * LOW HITPOINT WARNING * * *
Snorg claws you.
* * * LOW HITPOINT WARNING * * *
Evoke which item? (* to show all) (? for menu, Esc to quit)
Aiming: Iceblast
Press: ? - help, Shift-Dir - straight line, f/p - Snorg
Aim: Snorg (heavily wounded, berserk, fast, unusually strong, susceptible to hostile enchantments, umbra)
Okay, then.
Evoke which item? (* to show all) (? for menu, Esc to quit)
Aiming: Enslavement
Press: ? - help, Shift-Dir - straight line, f/p - Snorg
Aim: Snorg (heavily wounded, berserk, fast, unusually strong, susceptible to hostile enchantments, umbra, chance to defeat MR: 37%)
Okay, then.
Evoke which item? (* to show all) (? for menu, Esc to quit)
Aiming: Enslavement
Press: ? - help, Shift-Dir - straight line, f/p - Snorg
Aim: Snorg (heavily wounded, berserk, fast, unusually strong, susceptible to hostile enchantments, umbra, chance to defeat MR: 37%) Snorg easily resists.
You block Snorg's attack. x2
Snorg completely misses you.
Evoke which item? (* to show all) (? for menu, Esc to quit)
Aiming: Enslavement
Press: ? - help, Shift-Dir - straight line, f/p - Snorg
Aim: Snorg (heavily wounded, berserk, fast, unusually strong, susceptible to hostile enchantments, umbra, chance to defeat MR: 37%) Snorg easily resists.
You block Snorg's attack. Snorg barely misses you. Snorg claws you!
* * * LOW HITPOINT WARNING * * *
Snorg bites you!
* * * LOW HITPOINT WARNING * * *
Snorg claws you!
You die...

#.# #.#..# ###.#.#.#.##.#.# #)#
##)##### #...#.#.#.##.#.# ).#
#).....# #.#.# ..#.##.#.# ###
#).....####.#.#####.##.#.# #
#......#............##.#.# #
#......####.#.#####.##.#.# #
#......#......# #<##.#.# #
############T## #..#.#
################@########.##.#
.............................#
################.########.##.# #
##≈≈≈≈≈≈≈≈##............## #
##≈≈≈≈≈§§≈≈≈##########.#..# #
##≈≈≈≈≈≈§≈≈§≈≈## #.#..#
###≈≈≈§≈≈≈≈≈≈≈≈§≈########.##.###
##≈≈§≈§≈§≈≈≈≈≈§§≈≈##..)........#
#≈≈≈§≈≈≈≈≈§≈≈§§≈≈≈≈#.###########


You could see Snorg (berserk).

Vanquished Creatures
  Gastronok (D:9)
  The ghost of Daviar the Martial Artist, a novice OpMo of Dithmenos (D:7)
  An unseen horror (D:10)
  A deep elf mage (D:10)
  Maurice (D:9)
  Psyche (D:9)
  A troll (D:10)
  2 hippogriffs
  9 yaks (D:9)
  A wyvern (D:9)
  Grum (D:9)
  2 basilisks (D:9)
  3 porcupines (D:9)
  3 sky beasts
  8 orc warriors
  2 ice beasts
  A phantom (D:9)
  An ogre (D:6)
  5 centaurs
  4 wolves (D:9)
  4 crocodiles
  A big kobold (D:8)
  3 gnoll sergeants
  4 bullfrogs
  3 scorpions
  4 wights (D:6)
  3 killer bees (D:7)
  A howler monkey (D:5)
  4 crimson imps
  2 lava snakes (D:10)
  2 bullfrog zombies
  7 hounds
  A jelly (D:5)
  2 centaur skeletons (D:10)
  Crazy Yiuf (D:4)
  5 orc priests
  A bullfrog skeleton (D:5)
  A gnoll shaman (D:6)
  2 iguanas
  8 orc wizards
  Jessica (D:2)
  6 worker ants
  2 hound zombies
  2 hound skeletons
  15 adders
  17 gnolls
  3 shadow imps
  2 oozes
  3 adder skeletons
  A worm (D:5)
  2 dart slugs
  4 leopard geckos
  73 orcs
  6 bats
  8 giant cockroaches
  9 goblins
  6 hobgoblins
  3 jackals (D:5)
  3 quokkas
  7 frilled lizards
  4 kobolds
  A quokka skeleton (D:5)
  9 rats
  A bush (D:9)
296 creatures vanquished.

Vanquished Creatures (others)
  An orc (D:3)
  A kobold (D:8)
  3 fungi (D:9)
  3 plants (D:9)
8 creatures vanquished.

Grand Total: 304 creatures vanquished

Notes
Turn   | Place    | Note
-------+----------+-------------------------------------------
     0 | D:1      | Amnesiac the Mummy Air Elementalist began the quest for the Orb.
     0 | D:1      | Reached XP level 1. HP: 13/13 MP: 4/4
    29 | D:2      | Noticed Jessica
    35 | D:2      | Killed Jessica
    35 | D:2      | Reached XP level 2. HP: 19/19 MP: 0/5
    39 | D:2      | Learned a level 2 spell: Swiftness
   157 | D:2      | Reached XP level 3. HP: 16/24 MP: 1/7
   433 | D:3      | Found a bloodstained altar of Trog.
   801 | D:4      | Reached XP level 4. HP: 28/30 MP: 3/9
   807 | D:4      | Learned a level 4 spell: Airstrike
  1051 | D:4      | Found a burning altar of Makhleb.
  1076 | D:4      | Found a white marble altar of Elyvilon.
  1108 | D:4      | Found a bloodstained altar of Trog.
  1188 | D:4      | Found a runed door.
  1348 | D:4      | Noticed Crazy Yiuf
  1358 | D:4      | Killed Crazy Yiuf
  1358 | D:4      | Reached XP level 5. HP: 28/35 MP: 2/11
  1406 | D:5      | Entered Level 5 of the Dungeon
  1499 | D:5      | Found a shadowy altar of Dithmenos.
  1506 | D:5      | Became a worshipper of Dithmenos the Shadowed
  1647 | D:2      | Found a blossoming altar of Fedhas.
  2398 | D:2      | Reached * piety under Dithmenos
  2841 | D:3      | Reached XP level 6. HP: 38/41 MP: 8/13
  2921 | D:3      | Reached skill level 5 in Spellcasting
  2921 | D:3      | Reached skill level 5 in Air Magic
  2949 | D:3      | Found a hazy altar of Hepliaklqana.
  3106 | D:3      | Found a shadowy altar of Dithmenos.
  3450 | D:5      | Found a basalt altar of Yredelemnul.
  3491 | D:5      | Reached ** piety under Dithmenos
  3581 | D:5      | Reached XP level 7. HP: 45/46 MP: 8/15
  4169 | D:5      | Reached XP level 8. HP: 48/52 MP: 2/18
  4178 | D:5      | Found an ornate altar of the Wu Jian Council.
  4414 | D:5      | Found a glowing silver altar of Zin.
  4414 | D:5      | Noticed an angel
  4822 | D:6      | Found a staircase to the Ecumenical Temple.
  5164 | D:6      | Found a sparkling altar of Nemelex Xobeh.
  5405 | D:6      | Reached *** piety under Dithmenos
  5452 | D:6      | Found a shimmering altar of Xom.
  5729 | D:7      | Reached XP level 9. HP: 54/57 MP: 11/21
  5815 | D:7      | Reached skill level 1 in Shields
  5849 | D:7      | Found a large runed door.
  5849 | D:7      | Found a large runed door.
  6382 | D:7      | Found Puac's Antique Weapon Shoppe.
  6500 | D:7      | Learned a level 5 spell: Lightning Bolt
  6622 | D:7      | Noticed Daviar's ghost (novice OpMo)
  6706 | D:7      | Killed Daviar's ghost
  6874 | D:8      | Found a deep blue altar of Sif Muna.
  6907 | D:8      | Found an opulent altar of Gozag.
  7108 | D:8      | Found a roughly hewn altar of Beogh.
  7110 | D:8      | Reached **** piety under Dithmenos
  7114 | D:8      | Reached XP level 10. HP: 55/69 MP: 4/22
  7306 | D:9      | Noticed Gastronok
  7354 | D:9      | Killed Gastronok
  7354 | D:9      | Reached skill level 5 in Dodging
  7822 | D:9      | Reached skill level 5 in Fighting
  7831 | D:9      | Found a staircase to the Lair.
  8009 | D:9      | Noticed Psyche
  8015 | D:9      | Killed Psyche
  8166 | D:9      | Noticed Maurice
  8178 | D:9      | Killed Maurice
  8178 | D:9      | Reached XP level 11. HP: 80/80 MP: 0/23
  8300 | D:9      | Noticed Grum
  8405 | D:9      | Found an iron altar of Okawaru.
  8879 | D:9      | Killed Grum
  9078 | D:10     | Entered Level 10 of the Dungeon
  9183 | D:10     | Killed an unseen horror
  9183 | D:10     | Reached skill level 5 in Conjurations
  9230 | D:10     | Noticed a deep elf mage
  9234 | D:10     | Killed a deep elf mage
  9359 | D:10     | Reached ***** piety under Dithmenos
  9449 | D:10     | Noticed Snorg
 10695 | D:10     | Slain by Snorg

Skill      XL: |  1  2  3  4  5  6  7  8  9 10 11 |
---------------+----------------------------------+-----
Air Magic      | 3 4 5 6 8 |  8.5
Spellcasting   | 3 4 5 6 8 |  8.5
Shields        | 4 |  4.1
Fighting       | 2 5 6 |  6.3
Dodging        | 4 6 8 |  8.0
Conjurations   | 2 4 5 |  5.4
Stealth        | |  1.5

Action                   |  1- 3 |  4- 6 |  7- 9 | 10-12 || total
-------------------------+-------+-------+-------+-------++-------
Melee: Unarmed           |     1 |       |       |       ||     1
       Quarterstaff      |       |    52 |       |       ||    52
       Short sword       |       |       |    12 |    36 ||    48
 Fire: Blowgun           |       |       |       |    11 ||    11
 Cast: Shock             |    39 |   139 |   225 |   259 ||   662
       Airstrike         |       |     4 |    45 |    29 ||    78
       Lightning Bolt    |       |       |       |    12 ||    12
Evoke: Wand              |       |       |     1 |     2 ||     3
  Use: Scroll            |       |     3 |    10 |     3 ||    16
 Stab: Confused          |       |     1 |       |       ||     1
Armor: Robe              |     6 |    11 |       |       ||    17
       Leather armour    |       |    15 |    19 |    16 ||    50
Dodge: Dodged            |    10 |    85 |    58 |    77 ||   230
Block: Other             |       |    22 |    10 |       ||    32
       Reflection        |       |     3 |     4 |     5 ||    12
       Buckler           |       |       |    23 |    61 ||    84
